 Dungeon Crawl Stone Soup version 0.18-a0-1267-gff090c1 (webtiles) character file.

1468 Gagarin the Firebug (level 8, -2/56 HPs)
             Began as a Demonspawn Fire Elementalist on Feb 6, 2016.
             Was an Initiate of Vehumet.
             Killed by divine providence
             ... invoked by an orc priest
              (13 damage)
             ... on level 6 of the Dungeon.
             The game lasted 00:26:42 (4639 turns).

Gagarin the Firebug (Demonspawn Fire Elementalist)  Turns: 4639, Time: 00:26:42

Health: -2/56      AC:  5    Str:  8    XL:     8   Next: 48%
Magic:  10/15      EV: 15    Int: 17    God:    Vehumet [......]
Gold:   284        SH:  0    Dex: 16    Spells: 3 memorised, 8 levels left

rFire  . . .     SeeInvis .     y - +3 quarterstaff (chaos)
rCold  + . .     Gourm    .     a - +0 robe
rNeg   . . .     Faith    .     (shield currently unavailable)
rPois  .         Spirit   .     (helmet restricted)
rElec  .         Dismiss  .     x - +1 cloak
rCorr  .         Reflect  .     d - +0 pair of gloves
SustAt .         Harm     .     (no boots)
MR     .....                    (no amulet)
Stlth  ++........               (no ring)
                                (no ring)

@: not resistant to hostile enchantments, unstealthy
A: claws 1, horns 2, cold resistance 1, spiny 1
a: Renounce Religion


You were on level 6 of the Dungeon.
You worshipped Vehumet.
Vehumet was noncommittal.
You were not hungry.

You visited 2 branches of the dungeon, and saw 7 of its levels.
You also visited: Sewer.

You collected 284 gold pieces.

Inventory:

Hand Weapons
 e - a +0 club
 n - a +0 dagger
 v - a +0 trident
 w - a +0 rapier
 y - a +3 quarterstaff of chaos (weapon)
 F - a +4 dagger of pain
Missiles
 G - 7 poisoned needles
Armour
 a - a +0 robe (worn)
 d - a +0 pair of gloves (worn)
 r - a +0 cloak
 x - a +1 cloak (worn)
Jewellery
 A - an uncursed ring of protection from magic {unknown}
Scrolls
 f - a scroll of noise {unknown}
 h - 11 scrolls of identify
 m - 2 scrolls of enchant weapon {unknown}
 p - 2 scrolls of fog {unknown}
 B - a scroll of enchant armour {unknown}
 D - a scroll of amnesia {unknown}
 I - a scroll of teleportation {unknown}
 L - a scroll of recharging {unknown}
 M - a scroll of fear {unknown}
 Q - 3 scrolls of remove curse {unknown}
Potions
 i - 2 potions of mutation {unknown}
 j - a potion of curing {unknown}
 k - a potion of degeneration {unknown}
 l - 3 potions of heal wounds {unknown}
 o - 2 potions of lignification {unknown}
 s - a potion of experience {unknown}
 t - 2 potions of might {unknown}
 u - 3 potions of agility {unknown}
 C - a potion of berserk rage {unknown}
 E - a potion of resistance {unknown}
 H - a potion of cancellation {unknown}
 J - a potion of flight {unknown}
Books
 b - a book of Flames

   Spells                             Type                      Level
   a - Flame Tongue                   Conjuration/Fire             1
   b - Throw Flame                    Conjuration/Fire             2
   c - Conjure Flame                  Conjuration/Fire             3
   d - Inner Flame                    Hexes/Fire                   3
   e - Sticky Flame                   Conjuration/Fire             4
   f - Fireball                       Conjuration/Fire             5
 K - a book of Annihilations

   Spells                             Type                      Level
   a - Poison Arrow                   Conjuration/Poison           6
   b - Chain Lightning                Conjuration/Air              8
   c - Lehudib's Crystal Spear        Conjuration/Earth            8
   d - Glaciate                       Conjuration/Ice              9
   e - Fire Storm                     Conjuration/Fire             9
 N - a book of Death

   Spells                             Type                      Level
   a - Corpse Rot                     Necromancy                   2
   b - Sublimation of Blood           Necromancy                   2
   c - Agony                          Necromancy                   5
   d - Dispel Undead                  Necromancy                   5
   e - Excruciating Wounds            Charms/Necromancy            5
   f - Bolt of Draining               Conjuration/Necromancy       5
 O - a book of Changes

   Spells                             Type                      Level
   a - Beastly Appendage              Transmutation                1
   b - Sticks to Snakes               Transmutation                2
   c - Spider Form                    Transmutation/Poison         3
   d - Ice Form                       Ice/Transmutation            4
   e - Blade Hands                    Transmutation                5
 P - a book of Changes

   Spells                             Type                      Level
   a - Beastly Appendage              Transmutation                1
   b - Sticks to Snakes               Transmutation                2
   c - Spider Form                    Transmutation/Poison         3
   d - Ice Form                       Ice/Transmutation            4
   e - Blade Hands                    Transmutation                5
Comestibles
 c - 6 bread rations
 g - a slice of pizza
 q - 5 fruits
 z - 2 meat rations
 R - a beef jerky
 S - 2 chunks of flesh


   Skills:
 + Level 2.2 Fighting
 + Level 0.3 Short Blades
 + Level 2.3 Staves
 + Level 4.7 Dodging
 - Level 2.7 Stealth
 * Level 5.1 Spellcasting
 * Level 4.2 Conjurations
 * Level 5.1 Fire Magic


You had 8 spell levels left.
You knew the following spells:

 Your Spells              Type           Power        Failure   Level  Hunger
a - Flame Tongue          Conj/Fire      ###..        2%          1    None
b - Conjure Flame         Conj/Fire      ###.....     10%         3    ###....
c - Fireball              Conj/Fire      ###.......   71%         5    ######.


Dungeon Overview and Level Annotations

Branches:
Dungeon (6/15)             Temple (1/1) D:4

Altars:
Ashenzari
Cheibriados
Elyvilon
Fedhas
Gozag
Kikubaaqudgha
Makhleb
Nemelex Xobeh
Okawaru
Pakellas
Qazlal
Ru
Trog
Vehumet
Xom
Yredelemnul
Zin
The Shining One


Innate Abilities, Weirdness & Mutations

You have sharp fingernails.
You have a pair of horns on your head.
Your flesh is cold resistant.
You are partially covered in sharp spines.


Message History

The flame tongue hits the orc warrior.
The orc warrior appears unharmed.
The orc warrior hits you with a hand axe.
You closely miss the orc warrior.
The orc warrior hits you with a hand axe.
You closely miss the orc warrior. Your headbutt misses the orc warrior.
The orc warrior hits you with a hand axe!
You hit the orc warrior but do no damage.
Your headbutt misses the orc warrior. The orc warrior misses you.
You hit the orc warrior.
The orc warrior is lightly wounded.
The orc warrior hits you with a hand axe!
The orc priest calls upon Beogh to heal the orc warrior.
You hit the orc warrior.
The orc warrior is moderately wounded.
The orc warrior is struck by your spines.
The orc warrior hits you with a hand axe!
* * * LOW HITPOINT WARNING * * *
The orc priest invokes the aid of Beogh against you.
Something smites you!
You die...

######.######
#......#
######.# #.#
#.# #.# #.#
#.# #@#######
#o.......
#.####### #†#
#o# #.# #.#
#.# #.#


You could see an orc warrior and an orc priest.

Vanquished Creatures
  Eustachio (D:5)
  Purgy (Sewer)
  An ogre (D:5)
  2 phantoms
  A giant frog (D:6)
  4 scorpions
  2 crimson imps (D:5)
  A giant frog zombie (D:5)
  A hound (D:4)
  A giant frog skeleton (D:5)
  2 orc priests (D:4)
  Crazy Yiuf (D:2)
  A centaur skeleton (D:4)
  A worker ant (D:4)
  Terence (D:2)
  5 orc wizards
  A hound skeleton (D:5)
  6 adders
  5 gnolls
  A shadow imp (D:5)
  An adder zombie (D:5)
  An adder skeleton (D:5)
  4 giant geckos
  22 orcs
  11 bats
  4 giant cockroaches
  6 goblins
  7 hobgoblins
  19 jackals
  3 kobolds
  2 quokkas
  A giant gecko skeleton (D:4)
  A giant newt (D:2)
  A quokka skeleton (D:4)
  11 rats
133 creatures vanquished.

Notes
Turn   | Place    | Note
--------------------------------------------------------------
     0 | D:1      | Gagarin the Demonspawn Fire Elementalist began the quest for the Orb.
     0 | D:1      | Reached XP level 1. HP: 13/13 MP: 3/3
   403 | D:1      | Gained mutation: You are partially covered in sharp spines. [demonic ancestry]
   403 | D:1      | Reached XP level 2. HP: 14/19 MP: 0/5
   532 | D:1      | Reached skill level 3 in Fire Magic
   947 | D:2      | Gained mutation: You have sharp fingernails. [demonic ancestry]
   947 | D:2      | Reached XP level 3. HP: 24/24 MP: 4/6
   962 | D:2      | Noticed Terence
   969 | D:2      | Killed Terence
  1082 | D:2      | Gained mutation: You have a pair of small horns on your head. [demonic ancestry]
  1082 | D:2      | Reached XP level 4. HP: 30/30 MP: 7/7
  1087 | D:2      | Learned a level 3 spell: Conjure Flame
  1594 | D:2      | Noticed Crazy Yiuf
  1602 | D:2      | Killed Crazy Yiuf
  1924 | D:3      | Gained mutation: Your flesh is cold resistant. [demonic ancestry]
  1924 | D:3      | Reached XP level 5. HP: 36/36 MP: 8/8
  2036 | D:3      | Found a glowing drain.
  2052 | Sewer    | Entered a sewer
  2108 | Sewer    | Noticed Purgy
  2124 | Sewer    | Killed Purgy
  2124 | Sewer    | Reached skill level 1 in Fighting
  2391 | D:3      | Reached XP level 6. HP: 41/43 MP: 4/10
  2404 | D:3      | Reached skill level 4 in Fire Magic
  2501 | D:3      | Learned a level 5 spell: Fireball
  3039 | D:4      | Gained mutation: You have a pair of horns on your head. [demonic ancestry]
  3039 | D:4      | Reached XP level 7. HP: 31/48 MP: 12/12
  3117 | D:4      | Reached skill level 1 in Staves
  3675 | D:4      | Found a staircase to the Ecumenical Temple.
  3684 | Temple   | Entered the Ecumenical Temple
  3750 | Temple   | Became a worshipper of Vehumet
  3885 | D:5      | Entered Level 5 of the Dungeon
  4074 | D:5      | Reached XP level 8. HP: 47/56 MP: 8/14
  4395 | D:5      | Noticed Eustachio
  4435 | D:5      | Killed Eustachio
  4435 | D:5      | Reached skill level 5 in Fire Magic
  4627 | D:6      | Reached skill level 5 in Spellcasting
  4639 | D:6      | Killed from afar by an orc priest

Vault maps used:
D:1:      tarquinn_simple_flora_water_c
D:2:      serial_glass, glass_columns_c, glass_columns_b, hangedman_decor_push,
          uniq_crazy_yiuf_cottage, uniq_terence
D:3:      portal_sewer_entry_b
D:4:      lemuel_temple_firewalk
D:5:      first_bread, uniq_eustachio
D:6:      serial_shops, shop, uniq_prince_ribbit1, uniq_edmund
Temple:   grunt_circular_temple_18
Sewer:    sewer_big_baddie

Action                   |  1- 3 |  4- 6 |  7- 9 || total
-------------------------+-------+-------+-------++-------
Melee: Club              |    12 |       |       ||    12
       Unarmed           |     2 |       |       ||     2
       Dagger            |    13 |     6 |       ||    19
       Rapier            |       |     6 |       ||     6
       Quarterstaff      |       |    58 |    46 ||   104
 Cast: Flame Tongue      |    28 |    35 |    62 ||   125
       Conjure Flame     |       |     1 |       ||     1
  Use: Scroll            |       |       |     1 ||     1
 Stab: Sleeping          |     3 |     7 |     3 ||    13
  Eat: Chunk             |     1 |     6 |     5 ||    12
